[ PARTIDA AOE2 · #495560386 ]
UnrankedBizantinos vs Teutons
Equipo del jugador · DERR
Equipo rival · VICT
[ ANÁLISIS DE REPETICIÓN · EXTRAÍDO DE LA PARTIDA GRABADA ]
Feudal
9:26
Castillos
24:01
Imperial
—
| APM promedio | 30.8 |
| APM pico | 67 |
| eAPM promedio | 13.1 |
| Aldeanos / militares | 42 / 29 |
Foco
⚔️ 15.9% · 🌾 84.1%
Knight ×11 · Archer ×8 · Scout Cavalry ×5 · Mangonel ×4 · Monk ×1
Feudal
8:58
Castillos
25:10
Imperial
34:30
| APM promedio | 25.1 |
| APM pico | 86 |
| eAPM promedio | 15.2 |
| Aldeanos / militares | 49 / 5 |
Foco
⚔️ 31.4% · 🌾 68.6%
Teutonic Knight ×3 · Mangonel ×2
Mapa de la partida
Recursos iniciales + cada clic de construcción. Líneas = muros · curvas = relieve. ◆ oro · ⬟ piedra · ● bayas · ✦ reliquia · ◌ hueco del cierre
Tu base· Abierta — flanco sin cerrar
Base de HESTIA· Abierta — flanco sin cerrar
Terreno inicial suavizado · ◌ = hueco del cierre detectado · pasá el cursor para detalles
Inputs por minuto
— NicoC - - HESTIA
Build order — NicoC
105 acciones detectadas en el replay
| 0:00 | Crear | Villager (Male) |
| 0:01 | Crear | Villager (Male) |
| 0:01 | Crear | Villager (Male) |
| 0:02 | Construir | House |
| 0:02 | Crear | Villager (Male) |
| 0:03 | Crear | Villager (Male) |
| 0:03 | Crear | Villager (Male) |
| 0:11 | Construir | House |
| 1:29 | Crear | Villager (Male) |
| 1:29 | Crear | Villager (Male) |
| 1:29 | Crear | Villager (Male) |
| 1:50 | Construir | Lumber Camp |
| 1:55 | Crear | Villager (Male) |
| 1:55 | Crear | Villager (Male) |
| 1:56 | Crear | Villager (Male) |
| 2:37 | Crear | Villager (Male) |
| 2:37 | Crear | Villager (Male) |
| 3:03 | Crear | Villager (Male) |
| 3:37 | Construir | House |
| 3:38 | Construir | Palisade Wall |
| 3:42 | Crear | Villager (Male) |
| 4:07 | Crear | Villager (Male) |
| 4:20 | Crear | Villager (Male) |
| 4:49 | Construir | Mill |
| 5:01 | Crear | Villager (Male) |
| 5:01 | Crear | Villager (Male) |
| 5:38 | Crear | Villager (Male) |
| 5:58 | Crear | Villager (Male) |
| 6:10 | Investigar | Loom |
| 7:16 | Investigar | Feudal Age |
| 7:59 | Construir | House |
| 8:05 | Construir | Barracks |
| 8:20 | Construir | House |
| 8:59 | Construir | Barracks |
| 9:26 | Edad | Edad Feudal |
| 9:42 | Construir | Mining Camp |
| 9:48 | Crear | Villager (Male) |
| 9:48 | Crear | Villager (Male) |
| 9:48 | Crear | Villager (Male) |
| 10:11 | Construir | Archery Range |
| 10:51 | Crear | Archer |
| 12:04 | Crear | Villager (Male) |
| 12:05 | Crear | Villager (Male) |
| 12:05 | Crear | Villager (Male) |
| 12:35 | Crear | Villager (Male) |
| 12:35 | Crear | Villager (Male) |
| 13:04 | Construir | Watch Tower |
| 13:35 | Construir | Blacksmith |
| 14:16 | Crear | Archer |
| 14:16 | Crear | Archer |
| 15:59 | Construir | Stable |
| 16:15 | Construir | Mining Camp |
| 16:18 | Crear | Villager (Male) |
| 16:18 | Crear | Villager (Male) |
| 16:18 | Crear | Villager (Male) |
| 16:37 | Crear | Scout Cavalry ×2 |
| 16:38 | Crear | Scout Cavalry ×2 |
| 16:48 | Crear | Villager (Male) |
| 16:49 | Crear | Villager (Male) |
| 17:23 | Construir | Farm |
| 17:45 | Construir | Farm |
| 17:50 | Crear | Villager (Male) |
| 17:58 | Construir | House |
| 19:32 | Construir | Market |
| 20:38 | Crear | Villager (Male) |
| 21:21 | Investigar | Castle Age |
| 21:53 | Crear | Scout Cavalry |
| 22:14 | Construir | Archery Range |
| 22:16 | Construir | Archery Range |
| 23:22 | Construir | Archery Range |
| 23:31 | Crear | Archer ×5 |
| 24:01 | Edad | Edad de los Castillos |
| 24:13 | Construir | Siege Workshop |
| 24:19 | Crear | Knight ×2 |
| 25:04 | Crear | Mangonel |
| 25:04 | Crear | Mangonel |
| 25:04 | Crear | Mangonel |
| 25:44 | Crear | Mangonel |
| 25:58 | Construir | House |
| 26:13 | Construir | Monastery |
| 27:19 | Construir | Lumber Camp |
| 27:44 | Construir | House |
| 27:54 | Crear | Knight |
| 29:20 | Crear | Knight ×2 |
| 29:20 | Crear | Knight ×2 |
| 29:20 | Crear | Knight ×2 |
| 30:03 | Construir | Town Center |
| 30:33 | Construir | Mining Camp |
| 31:27 | Construir | Farm |
| 31:29 | Construir | Farm |
| 31:32 | Construir | Farm |
| 31:48 | Construir | Farm |
| 32:25 | Investigar | Double-Bit Axe |
| 32:29 | Construir | Farm |
| 32:32 | Crear | Villager (Male) |
| 32:32 | Crear | Villager (Male) |
| 32:32 | Crear | Villager (Male) |
| 33:07 | Investigar | Scale Barding Armor |
| 33:07 | Investigar | Scale Barding Armor |
| 33:27 | Crear | Monk |
| 33:36 | Construir | Farm |
| 33:38 | Construir | Farm |
| 34:16 | Crear | Knight ×2 |
| 34:31 | Crear | Villager (Male) |
| 34:31 | Crear | Villager (Male) |
Build order — HESTIA
140 acciones detectadas en el replay
| 0:00 | Crear | Villager (Male) |
| 0:01 | Crear | Villager (Male) |
| 0:02 | Construir | House |
| 0:04 | Construir | House |
| 0:19 | Crear | Villager (Male) |
| 0:54 | Crear | Villager (Male) |
| 1:23 | Crear | Villager (Male) |
| 1:47 | Crear | Villager (Male) |
| 2:38 | Crear | Villager (Male) |
| 2:38 | Crear | Villager (Male) |
| 3:08 | Crear | Villager (Male) |
| 3:09 | Crear | Villager (Male) |
| 3:09 | Crear | Villager (Male) |
| 3:39 | Construir | House |
| 4:03 | Crear | Villager (Male) |
| 4:04 | Crear | Villager (Male) |
| 4:12 | Construir | Lumber Camp |
| 4:34 | Crear | Villager (Male) |
| 4:35 | Crear | Villager (Male) |
| 4:35 | Crear | Villager (Male) |
| 4:53 | Crear | Villager (Male) |
| 4:55 | Crear | Villager (Male) |
| 5:08 | Investigar | Loom |
| 5:53 | Construir | Mining Camp |
| 6:48 | Investigar | Feudal Age |
| 8:17 | Construir | House |
| 8:22 | Construir | House |
| 8:30 | Crear | Villager (Male) |
| 8:30 | Crear | Villager (Male) |
| 8:58 | Edad | Edad Feudal |
| 9:07 | Construir | Watch Tower |
| 9:16 | Construir | Palisade Wall |
| 9:18 | Construir | Palisade Wall |
| 9:19 | Construir | Palisade Wall |
| 9:28 | Construir | Palisade Wall |
| 9:30 | Crear | Villager (Male) |
| 9:31 | Crear | Villager (Male) |
| 10:24 | Construir | Watch Tower |
| 10:32 | Construir | Watch Tower |
| 11:50 | Construir | Palisade Wall |
| 11:52 | Crear | Villager (Male) |
| 12:05 | Construir | Palisade Wall |
| 12:11 | Construir | Palisade Wall |
| 12:16 | Construir | Palisade Wall |
| 12:19 | Construir | Palisade Wall |
| 12:21 | Construir | Palisade Wall |
| 12:24 | Crear | Villager (Male) |
| 12:25 | Crear | Villager (Male) |
| 12:39 | Construir | Palisade Wall |
| 12:40 | Crear | Villager (Male) |
| 12:51 | Construir | Palisade Wall |
| 12:54 | Construir | Palisade Wall |
| 12:58 | Construir | Palisade Wall |
| 13:04 | Crear | Villager (Male) |
| 13:04 | Crear | Villager (Male) |
| 13:14 | Construir | Watch Tower |
| 13:21 | Construir | Palisade Wall |
| 13:24 | Construir | Palisade Wall |
| 13:30 | Construir | Palisade Wall |
| 13:32 | Construir | Palisade Wall |
| 13:40 | Crear | Villager (Male) |
| 13:40 | Crear | Villager (Male) |
| 13:40 | Crear | Villager (Male) |
| 14:27 | Crear | Villager (Male) |
| 14:30 | Construir | Mill |
| 15:14 | Crear | Villager (Male) |
| 15:42 | Construir | House |
| 16:43 | Crear | Villager (Male) |
| 16:51 | Construir | House |
| 16:55 | Crear | Villager (Male) |
| 17:06 | Construir | Blacksmith |
| 17:13 | Construir | Market |
| 17:24 | Crear | Villager (Male) |
| 17:42 | Construir | Farm |
| 17:51 | Construir | Farm |
| 18:08 | Construir | Farm |
| 18:19 | Construir | Watch Tower |
| 18:28 | Crear | Villager (Male) |
| 18:37 | Construir | House |
| 19:06 | Crear | Villager (Male) |
| 19:38 | Construir | Farm |
| 19:42 | Construir | Farm |
| 19:45 | Construir | Farm |
| 20:00 | Crear | Villager (Male) |
| 20:02 | Crear | Villager (Male) |
| 20:28 | Construir | Mining Camp |
| 20:35 | Construir | Farm |
| 20:42 | Crear | Villager (Male) |
| 20:56 | Construir | Farm |
| 21:19 | Construir | Farm |
| 21:20 | Crear | Villager (Male) |
| 21:33 | Construir | Farm |
| 21:43 | Construir | Farm |
| 21:44 | Construir | Farm |
| 21:45 | Construir | Farm |
| 21:49 | Construir | Farm |
| 21:51 | Construir | Farm |
| 21:55 | Crear | Villager (Male) |
| 22:30 | Investigar | Castle Age |
| 22:30 | Investigar | Castle Age |
| 23:02 | Investigar | Double-Bit Axe |
| 23:06 | Investigar | Horse Collar |
| 24:27 | Investigar | Fletching |
| 24:39 | Construir | House |
| 24:46 | Construir | House |
| 25:10 | Edad | Edad de los Castillos |
| 25:18 | Construir | Siege Workshop |
| 25:34 | Crear | Villager (Male) |
| 25:34 | Crear | Villager (Male) |
| 25:43 | Crear | Mangonel |
| 26:28 | Crear | Villager (Male) |
| 27:19 | Crear | Villager (Male) |
| 27:40 | Investigar | Bow Saw |
| 27:47 | Construir | Castle |
| 28:01 | Construir | Palisade Wall |
| 28:07 | Construir | Palisade Wall |
| 28:10 | Construir | Palisade Wall |
| 28:18 | Construir | Palisade Wall |
| 28:21 | Construir | Palisade Wall |
| 28:28 | Investigar | Wheelbarrow |
| 28:36 | Construir | Palisade Wall |
| 28:38 | Construir | Palisade Wall |
| 29:00 | Crear | Villager (Male) |
| 29:07 | Construir | Lumber Camp |
| 30:08 | Crear | Villager (Male) |
| 30:59 | Construir | Farm |
| 31:14 | Construir | Mining Camp |
| 31:21 | Investigar | Imperial Age |
| 32:03 | Construir | University |
| 32:05 | Investigar | Gold Mining |
| 32:13 | Construir | Farm |
| 32:30 | Construir | Farm |
| 32:30 | Construir | Farm |
| 33:34 | Crear | Teutonic Knight |
| 33:34 | Crear | Teutonic Knight |
| 33:45 | Investigar | Heavy Plow |
| 33:57 | Investigar | Hand Cart |
| 34:00 | Crear | Teutonic Knight |
| 34:15 | Crear | Mangonel |
| 34:30 | Edad | Edad Imperial |
Cronología de la partida
| 3:38 | NicoC · wall_segment Palisade Wall x2 |
| 8:05 | NicoC · first_building Barracks |
| 8:58 | HESTIA · age_up feudal |
| 9:16 | HESTIA · wall_segment Palisade Wall x1 |
| 9:18 | HESTIA · wall_segment Palisade Wall x1 |
| 9:19 | HESTIA · wall_segment Palisade Wall x1 |
| 9:26 | NicoC · age_up feudal |
| 9:28 | HESTIA · wall_segment Palisade Wall x1 |
| 10:11 | NicoC · first_building Archery Range |
| 11:50 | HESTIA · wall_segment Palisade Wall x1 |
| 12:05 | HESTIA · wall_segment Palisade Wall x1 |
| 12:11 | HESTIA · wall_segment Palisade Wall x1 |
| 12:16 | HESTIA · wall_segment Palisade Wall x1 |
| 12:19 | HESTIA · wall_segment Palisade Wall x1 |
| 12:21 | HESTIA · wall_segment Palisade Wall x1 |
| 12:39 | HESTIA · wall_segment Palisade Wall x1 |
| 12:51 | HESTIA · wall_segment Palisade Wall x1 |
| 12:54 | HESTIA · wall_segment Palisade Wall x1 |
| 12:58 | HESTIA · wall_segment Palisade Wall x1 |
| 13:21 | HESTIA · wall_segment Palisade Wall x1 |
| 13:24 | HESTIA · wall_segment Palisade Wall x1 |
| 13:30 | HESTIA · wall_segment Palisade Wall x1 |
| 13:32 | HESTIA · wall_segment Palisade Wall x1 |
| 15:59 | NicoC · first_building Stable |
| 20:28 | NicoC · first_market_sell 500 wood |
| 20:29 | NicoC · first_market_buy 100 food |
| 22:20 | HESTIA · first_market_sell 100 wood |
| 22:21 | HESTIA · first_market_buy 100 food |
| 24:01 | NicoC · age_up castle |
| 24:13 | NicoC · first_building Siege Workshop |
| 25:10 | HESTIA · age_up castle |
| 25:18 | HESTIA · first_building Siege Workshop |
| 26:13 | NicoC · first_building Monastery |
| 27:47 | HESTIA · first_building Castle |
| 28:01 | HESTIA · wall_segment Palisade Wall x1 |
| 28:07 | HESTIA · wall_segment Palisade Wall x1 |
| 28:10 | HESTIA · wall_segment Palisade Wall x1 |
| 28:18 | HESTIA · wall_segment Palisade Wall x1 |
| 28:21 | HESTIA · wall_segment Palisade Wall x1 |
| 28:36 | HESTIA · wall_segment Palisade Wall x1 |
| 28:38 | HESTIA · wall_segment Palisade Wall x1 |
| 34:30 | HESTIA · age_up imperial |
| 34:43 | NicoC · resign |
[ ANÁLISIS IA · 1 CRÉDITO ]
¿Qué pasó realmente en esta partida?
Wolo.gg analiza cada decisión: build order, eco, micro, errores típicos por bracket. Análisis personalizado por WhatsApp o Discord en 30 segundos.
Guía civ
Bizantinos
Perfil
Jugador #2667758